TOP OF THE 1ST |
Stockton Ports batting - Pitching for Fresno Grizzlies : RHP Felipe Caban
|
Pitching: RHP Felipe Caban
|
|
Batting: RHB Ramon Valdez
|
0-0: Called Strike 0-1: Ball 1-1: Ball 2-1: Fly out, F8 (Flyball, 8RD, EV 96.3 MPH)
|
Batting: RHB Pasquale Raimondo
|
0-0: Called Strike 0-1: Ball 1-1: Ball 2-1: Foul Ball, location: 2F 2-2: Foul Ball, location: 2F 2-2: Strikes out swinging
|
Batting: RHB Mark Jurena
|
0-0: Ball 1-0: Ball 2-0: Fly out, F9 (Flyball, 89D, EV 90.6 MPH)
|
Top of the 1st over - 0 runs, 0 hits, 0 errors, 0 left on base; Stockton 0 - Fresno 0 |
BOTTOM OF THE 1ST |
Fresno Grizzlies batting - Pitching for Stockton Ports : RHP Gary Scavone
|
Pitching: RHP Gary Scavone
|
|
Batting: SHB Steve Jeltz
|
0-0: Called Strike 0-1: Ball 1-1: Called Strike 1-2: Ball 2-2: Foul Ball, location: 2F 2-2: Foul Ball, location: 2F 2-2: Ball 3-2: Ground out 4-3 (Groundball, 4, EV 85.0 MPH)
|
Batting: RHB Tom Johnson
|
0-0: Ball 1-0: Swinging Strike 1-1: Ball 2-1: Swinging Strike 2-2: Strikes out looking
|
Batting: RHB Chris Fernandez
|
0-0: Ball 1-0: SINGLE (Groundball, 6MD, EV 101.3 MPH)
|
Batting: LHB Ron Oddo
|
0-0: Ball 1-0: Ball Pickoff Throw by Catcher to First - Out!
|
Bottom of the 1st over - 0 runs, 1 hit, 0 errors, 0 left on base; Stockton 0 - Fresno 0 |
TOP OF THE 2ND |
Stockton Ports batting - Pitching for Fresno Grizzlies : RHP Felipe Caban
|
Batting: SHB Pete Leppert
|
0-0: Foul Ball, location: 2F 0-1: Ball 1-1: Ball 2-1: Ground out 4-3 (Groundball, 4, EV 77.5 MPH)
|
Batting: RHB Eddie Lee
|
0-0: Ball 1-0: Ball 2-0: Ball 3-0: Base on Balls
|
Batting: SHB Mike Hennessy
|
0-0: Ball 1-0: Foul Ball, location: 2F 1-1: Swinging Strike 1-2: Ball 2-2: Ball 3-2: Foul Ball, location: 2F 3-2: Fielders Choice at 2nd, 4-6 (Groundball, 4, EV 102.5 MPH)
|
Batting: RHB Ronn Reynolds
|
0-0: Ball 1-0: Called Strike 1-1: Foul Ball, location: 2F 1-2: Foul Ball, location: 2F 1-2: 2-RUN HOME RUN (Flyball, 7D, EV 98.8 MPH), Distance : 364 ft
|
Batting: RHB Timothy Presko
|
0-0: Called Strike 0-1: Foul Ball, location: 2F 0-2: Foul Ball, location: 2F 0-2: SINGLE (Line Drive, 5D, EV 111.3 MPH)
|
Batting: RHB Dennis Valdes
|
0-0: Ball 1-0: Ball 2-0: Called Strike 2-1: Called Strike Timothy Presko is caught stealing 2nd base 2-4
|
Top of the 2nd over - 2 runs, 2 hits, 0 errors, 0 left on base; Stockton 2 - Fresno 0 |
BOTTOM OF THE 2ND |
Fresno Grizzlies batting - Pitching for Stockton Ports : RHP Gary Scavone
|
Batting: LHB Ron Oddo
|
0-0: Swinging Strike 0-1: Called Strike 0-2: Ball 1-2: Foul Ball, location: 2F 1-2: Foul Ball, location: 2F 1-2: Strikes out looking
|
Batting: RHB Mike Jirschele
|
0-0: Foul Ball, location: 2F 0-1: Foul Ball, location: 2F 0-2: Ball 1-2: Strikes out looking
|
Batting: RHB Emilio Carrasquel
|
0-0: Called Strike 0-1: Ball 1-1: Swinging Strike 1-2: Ground out 6-3 (Groundball, 6, EV 88.1 MPH)
|
Bottom of the 2nd over - 0 runs, 0 hits, 0 errors, 0 left on base; Stockton 2 - Fresno 0 |
TOP OF THE 3RD |
Stockton Ports batting - Pitching for Fresno Grizzlies : RHP Felipe Caban
|
Batting: RHB Dennis Valdes
|
0-0: Called Strike 0-1: Called Strike 0-2: Ball 1-2: Ball 2-2: Ball 3-2: Ground out 4-3 (Groundball, 4MD, EV 100.6 MPH)
|
Batting: RHB Ramon Valdez
|
0-0: Foul Ball, location: 2F 0-1: Ball 1-1: Foul Ball, location: 2F 1-2: Ball 2-2: Ball 3-2: Base on Balls
|
Batting: RHB Pasquale Raimondo
|
0-0: Fly out, F5 (Popup, 5SF, EV 72.5 MPH)
|
Batting: RHB Mark Jurena
|
0-0: Ball 1-0: Foul Ball, location: 2F 1-1: Ball 2-1: Foul Ball, location: 2F 2-2: Foul Ball, location: 2F 2-2: Fielders Choice at 2nd, 6-4 (Groundball, 6D, EV 105.0 MPH)
|
Top of the 3rd over - 0 runs, 0 hits, 0 errors, 1 left on base; Stockton 2 - Fresno 0 |
BOTTOM OF THE 3RD |
Fresno Grizzlies batting - Pitching for Stockton Ports : RHP Gary Scavone
|
Batting: LHB Bryon Horn
|
0-0: Called Strike 0-1: Foul Ball, location: 2F 0-2: Ground out 4-3 (Groundball, 4, EV 105.6 MPH)
|
Batting: RHB Clifton Wilder
|
0-0: Ball 1-0: Ball 2-0: Swinging Strike 2-1: Called Strike 2-2: Ground out 4-3 (Groundball, 4M, EV 83.1 MPH)
|
Batting: RHB Ivan Mesa
|
0-0: Foul Ball, location: 2F 0-1: Fly out, F7 (Flyball, 7, EV 85.6 MPH)
|
Bottom of the 3rd over - 0 runs, 0 hits, 0 errors, 0 left on base; Stockton 2 - Fresno 0 |
TOP OF THE 4TH |
Stockton Ports batting - Pitching for Fresno Grizzlies : RHP Felipe Caban
|
Batting: SHB Pete Leppert
|
0-0: Foul Ball, location: 2F 0-1: Ball 1-1: Foul Ball, location: 2F 1-2: Ball 2-2: Ball 3-2: Ground out 4-3 (Groundball, 4S, EV 85.0 MPH)
|
Batting: RHB Eddie Lee
|
0-0: Foul Ball, location: 2F 0-1: Ball 1-1: Ball 2-1: Called Strike 2-2: Fly out, F8 (Flyball, 8RM, EV 86.9 MPH)
|
Batting: SHB Mike Hennessy
|
0-0: Called Strike 0-1: Ball 1-1: Ball 2-1: Ground out 1-3 (Groundball, 34S, EV 69.4 MPH)
|
Top of the 4th over - 0 runs, 0 hits, 0 errors, 0 left on base; Stockton 2 - Fresno 0 |
BOTTOM OF THE 4TH |
Fresno Grizzlies batting - Pitching for Stockton Ports : RHP Gary Scavone
|
Batting: SHB Steve Jeltz
|
0-0: Ball 1-0: Foul Ball, location: 2F 1-1: Foul Ball, location: 2F 1-2: DOUBLE (Line Drive, 9LM, EV 111.3 MPH)
|
Batting: RHB Tom Johnson
|
0-0: Fly out, F8 (Flyball, 8LXD, EV 96.9 MPH) Runner from 2nd tags up, SAFE at 3rd, no throw by CF
|
Batting: RHB Chris Fernandez
|
0-0: Ball 1-0: Ball 2-0: Called Strike 2-1: Called Strike 2-2: Foul Ball, location: 2F 2-2: Ball 3-2: Ground out 6-3 (Groundball, 6, EV 90.6 MPH) Steve Jeltz scores
|
Batting: LHB Ron Oddo
|
0-0: Ball 1-0: Foul Ball, location: 2F 1-1: Foul Ball, location: 2F 1-2: Ball 2-2: Foul Ball, location: 2F 2-2: Ball 3-2: Base on Balls
|
Batting: RHB Mike Jirschele
|
0-0: Ball 1-0: Ball 2-0: Called Strike 2-1: Ball 3-1: Base on Balls Ron Oddo to second
|
Batting: RHB Emilio Carrasquel
|
0-0: Swinging Strike 0-1: Fielders Choice at 2nd, 6-4 (Groundball, 6, EV 78.1 MPH)
|
Bottom of the 4th over - 1 run, 1 hit, 0 errors, 2 left on base; Stockton 2 - Fresno 1 |
TOP OF THE 5TH |
Stockton Ports batting - Pitching for Fresno Grizzlies : RHP Felipe Caban
|
Batting: RHB Ronn Reynolds
|
0-0: Swinging Strike 0-1: Foul Ball, location: 2F 0-2: Foul Ball, location: 2F 0-2: Ball 1-2: Ball 2-2: Ball 3-2: Fly out, F8 (Flyball, 8LM, EV 93.8 MPH)
|
Batting: RHB Timothy Presko
|
0-0: Ball 1-0: SINGLE (Groundball, 56S, EV 64.4 MPH) (infield hit)
|
Batting: RHB Dennis Valdes
|
0-0: Ball 1-0: Ball 2-0: Foul Ball, location: 2F 2-1: Foul Ball, location: 2F 2-2: Ball 3-2: Foul Ball, location: 2F 3-2: Base on Balls Timothy Presko to second
|
Batting: RHB Ramon Valdez
|
0-0: Ball 1-0: Ball 2-0: Called Strike 2-1: Fielders Choice at 2nd, 5-4 (Groundball, 56, EV 83.8 MPH) Timothy Presko to third
|
Pitching: RHP Alec Christianson
|
|
Batting: RHB Pasquale Raimondo
|
0-0: Foul Ball, location: 2F 0-1: Ball 1-1: Ball 2-1: DOUBLE (Line Drive, 9LS, EV 96.9 MPH) Timothy Presko scores Ramon Valdez to third Runner from 3rd tries for Home, SAFE, throw by RF to home
|
Batting: RHB Mark Jurena
|
0-0: Called Strike 0-1: Ball 1-1: Called Strike 1-2: Foul Ball, location: 2F 1-2: Strikes out swinging
|
Top of the 5th over - 2 runs, 2 hits, 0 errors, 1 left on base; Stockton 4 - Fresno 1 |
BOTTOM OF THE 5TH |
Fresno Grizzlies batting - Pitching for Stockton Ports : RHP Gary Scavone
|
Now in LF: John Zisk
|
|
Batting: LHB Bryon Horn
|
0-0: SINGLE (Flyball, 8RS, EV 86.9 MPH)
|
Batting: RHB Clifton Wilder
|
0-0: Ball 1-0: Swinging Strike 1-1: Grounds into double play, 4-6-3 (Groundball, 34, EV 103.8 MPH)
|
Batting: RHB Ivan Mesa
|
0-0: Ball 1-0: Ball 2-0: Ball 3-0: Base on Balls
|
Batting: SHB Steve Jeltz
|
0-0: Ball 1-0: Ball 2-0: Ball 3-0: Called Strike 3-1: Called Strike 3-2: Ground out U3 (Groundball, 3, EV 83.1 MPH)
|
Bottom of the 5th over - 0 runs, 1 hit, 0 errors, 1 left on base; Stockton 4 - Fresno 1 |
TOP OF THE 6TH |
Stockton Ports batting - Pitching for Fresno Grizzlies : RHP Alec Christianson
|
Batting: SHB Pete Leppert
|
0-0: Foul Ball, location: 2F 0-1: Called Strike 0-2: Foul Ball, location: 2F 0-2: Ball 1-2: Ball 2-2: Ball 3-2: Ground out 4-3 (Groundball, 34, EV 105.6 MPH)
|
Batting: RHB Eddie Lee
|
0-0: Ball 1-0: SINGLE (Groundball, 6MD, EV 104.4 MPH)
|
Batting: SHB Mike Hennessy
|
0-0: Ball 1-0: Ball 2-0: Ball 3-0: Called Strike 3-1: Base on Balls Eddie Lee to second
|
Batting: RHB Ronn Reynolds
|
0-0: Ball 1-0: Ball 2-0: Called Strike 2-1: Swinging Strike 2-2: Ball 3-2: DOUBLE (Flyball, 78XD, EV 97.5 MPH) Eddie Lee scores Mike Hennessy to third Runner from 3rd tries for Home, SAFE, throw by LF to trailing runner, OUT at third! 7-6-5
|
Batting: RHB Timothy Presko
|
0-0: Called Strike 0-1: Reached on error, E5 (Groundball, 56, EV 80.0 MPH)
|
Batting: RHB John Zisk
|
0-0: Ball 1-0: Called Strike 1-1: Ball 2-1: Foul Ball, location: 2F 2-2: Fielders Choice at 2nd, 5-4 (Groundball, 56, EV 76.9 MPH)
|
Top of the 6th over - 2 runs, 2 hits, 1 error, 1 left on base; Stockton 6 - Fresno 1 |
BOTTOM OF THE 6TH |
Fresno Grizzlies batting - Pitching for Stockton Ports : RHP Gary Scavone
|
Batting: RHB Tom Johnson
|
0-0: Called Strike 0-1: SINGLE (Line Drive, 7S, EV 105.6 MPH)
|
Batting: RHB Chris Fernandez
|
0-0: Called Strike 0-1: Called Strike 0-2: Ball 1-2: Grounds into double play, 6-4-3 (Groundball, 6, EV 103.8 MPH)
|
Batting: LHB Ron Oddo
|
0-0: Ball 1-0: Foul Ball, location: 2F 1-1: Foul Ball, location: 2F 1-2: Strikes out swinging
|
Bottom of the 6th over - 0 runs, 1 hit, 0 errors, 0 left on base; Stockton 6 - Fresno 1 |
TOP OF THE 7TH |
Stockton Ports batting - Pitching for Fresno Grizzlies : RHP Alec Christianson
|
Batting: RHB Ramon Valdez
|
0-0: Called Strike 0-1: Ball 1-1: Called Strike 1-2: Fly out, F8 (Flyball, 8LXD, EV 103.1 MPH)
|
Batting: RHB Pasquale Raimondo
|
0-0: Ball 1-0: Ball 2-0: Foul Ball, location: 2F 2-1: Ball 3-1: Foul Ball, location: 2F 3-2: Base on Balls
|
Pitching: RHP Luis Peralta
|
|
Batting: RHB Mark Jurena
|
0-0: Swinging Strike 0-1: Ball 1-1: Ball 2-1: 2-RUN HOME RUN (Flyball, 7D, EV 91.3 MPH), Distance : 373 ft
|
Pinch Hitting: RHB Erik Peterson
|
0-0: Ball 1-0: Foul Ball, location: 2F 1-1: Swinging Strike 1-2: Foul Ball, location: 2F 1-2: Strikes out swinging
|
Batting: RHB Eddie Lee
|
0-0: Called Strike 0-1: Ball 1-1: Ball 2-1: Swinging Strike 2-2: Strikes out swinging
|
Top of the 7th over - 2 runs, 1 hit, 0 errors, 0 left on base; Stockton 8 - Fresno 1 |
BOTTOM OF THE 7TH |
Fresno Grizzlies batting - Pitching for Stockton Ports : RHP Gary Scavone
|
Now at 3B: Erik Peterson
|
|
Pinch Hitting: SHB Jeffery Gossett
|
0-0: Swinging Strike 0-1: Ball 1-1: Called Strike 1-2: Foul Ball, location: 2F 1-2: Foul Ball, location: 2F 1-2: Strikes out swinging
|
Batting: RHB Emilio Carrasquel
|
0-0: Ball 1-0: Called Strike 1-1: Ball 2-1: Swinging Strike 2-2: Strikes out looking
|
Batting: LHB Bryon Horn
|
0-0: Called Strike 0-1: Ball 1-1: Foul Ball, location: 2F 1-2: Foul Ball, location: 2F 1-2: Ground out 4-3 (Groundball, 34, EV 97.5 MPH)
|
Bottom of the 7th over - 0 runs, 0 hits, 0 errors, 0 left on base; Stockton 8 - Fresno 1 |
TOP OF THE 8TH |
Stockton Ports batting - Pitching for Fresno Grizzlies : RHP Luis Peralta
|
Now at 3B: Jose Rivera
|
|
Batting: SHB Mike Hennessy
|
0-0: Foul Ball, location: 2F 0-1: Ball 1-1: Foul Ball, location: 2F 1-2: Foul Ball, location: 2F 1-2: Fly out, F8 (Flyball, 89D, EV 96.3 MPH)
|
Batting: RHB Ronn Reynolds
|
0-0: Called Strike 0-1: Called Strike 0-2: Ball 1-2: Ground out U3 (Groundball, 34, EV 85.6 MPH)
|
Batting: RHB Timothy Presko
|
0-0: Ball 1-0: Ball 2-0: Foul Ball, location: 2F 2-1: Foul Ball, location: 2F 2-2: Fly out, F8 (Flyball, 8LD, EV 89.4 MPH)
|
Top of the 8th over - 0 runs, 0 hits, 0 errors, 0 left on base; Stockton 8 - Fresno 1 |
BOTTOM OF THE 8TH |
Fresno Grizzlies batting - Pitching for Stockton Ports : RHP Gary Scavone
|
Batting: RHB Clifton Wilder
|
0-0: Called Strike 0-1: Ground out U3 (Groundball, 34, EV 106.9 MPH)
|
Batting: RHB Ivan Mesa
|
0-0: Swinging Strike 0-1: Ball 1-1: Reached on error, E6 (Groundball, 6, EV 85.0 MPH)
|
Pinch Hitting: RHB Donald Johnson
|
0-0: Ball 1-0: Ball 2-0: Ball 3-0: Foul Ball, location: 2F 3-1: Base on Balls Ivan Mesa to second
|
Batting: RHB Tom Johnson
|
0-0: Ball 1-0: Called Strike 1-1: Called Strike 1-2: Foul Ball, location: 2F 1-2: Fielders Choice at 2nd, 3-6 (Groundball, 34, EV 110.0 MPH) Ivan Mesa to third
|
Batting: RHB Chris Fernandez
|
0-0: Ground out 1-3 (Groundball, 13, EV 66.3 MPH)
|
Bottom of the 8th over - 0 runs, 0 hits, 1 error, 2 left on base; Stockton 8 - Fresno 1 |
TOP OF THE 9TH |
Stockton Ports batting - Pitching for Fresno Grizzlies : RHP Luis Peralta
|
Now in RF: Manuel McDonald
|
|
Batting: RHB John Zisk
|
0-0: Fly out, F3 (Popup, 3SF, EV 81.3 MPH)
|
Batting: RHB Ramon Valdez
|
0-0: Fly out, F8 (Flyball, 78M, EV 91.3 MPH)
|
Batting: RHB Pasquale Raimondo
|
0-0: Called Strike 0-1: Foul Ball, location: 2F 0-2: Fly out, F7 (Flyball, 78D, EV 100.0 MPH)
|
Top of the 9th over - 0 runs, 0 hits, 0 errors, 0 left on base; Stockton 8 - Fresno 1 |
BOTTOM OF THE 9TH |
Fresno Grizzlies batting - Pitching for Stockton Ports : RHP Gary Scavone
|
Batting: LHB Ron Oddo
|
0-0: Called Strike 0-1: Ball 1-1: Foul Ball, location: 2F 1-2: Ball 2-2: Ground out 6-3 (Groundball, 6, EV 103.1 MPH)
|
Batting: LHB Jose Rivera
|
0-0: Swinging Strike 0-1: Called Strike 0-2: Ball 1-2: Ball 2-2: Strikes out swinging
|
Batting: RHB Emilio Carrasquel
|
0-0: Ball 1-0: Ball 2-0: Foul Ball, location: 2F 2-1: Called Strike 2-2: Ball 3-2: Base on Balls
|
Pitching: RHP Harry Wise
|
|
Batting: LHB Bryon Horn
|
0-0: Called Strike 0-1: Called Strike 0-2: Ball 1-2: Fly out, F7 (Line Drive, 7, EV 86.9 MPH)
|
Bottom of the 9th over - 0 runs, 0 hits, 0 errors, 1 left on base; Stockton 8 - Fresno 1 |
|